 Dungeon Crawl Stone Soup version 0.29-a0-613-gf2c431b9b9 (webtiles) character file.

Game seed: 7386413716139673548

78 lesaewzxc the Bolt Thrower (level 4, 0/26 HPs)
             Began as a Kobold Arcane Marksman on June 13, 2022.
             Killed by divine providence
             ... invoked by an orc priest
              (13 damage)
             ... on level 3 of the Dungeon on June 16, 2022.
             The game lasted 00:13:00 (1237 turns).

lesaewzxc the Bolt Thrower (Kobold Arcane Marksman) Turns: 1237, Time: 00:13:01

Health: 0/26       AC:  8    Str:  7    XL:     4   Next: 61%
Magic:  1/6        EV: 19    Int: 14    God:
Gold:   131        SH:  0    Dex: 17    Spells: 2/6 levels left

rFire   . . .      SeeInvis .   a - +0 hand crossbow (venom)
rCold   . . .      Faith    .   (no shield)
rNeg    . . .      Spirit   .   b - +0 robe
rPois   .          Reflect  .   (no helmet)
rElec   .          Harm     .   (no cloak)
rCorr   .          Rampage  .   (no gloves)
Will    .....                   f - +0 pair of boots
Stlth   +++.......              h - amulet of the acrobat
HPRegen 0.08/turn               g - ring of flight
MPRegen 0.10/turn               e - +4 ring of evasion

@: ice-armoured, flying
A: small, no large weapons, nightstalker 3
a: no special abilities


You were on level 3 of the Dungeon.
You visited 1 branch of the dungeon, and saw 3 of its levels.

You collected 131 gold pieces.

Inventory:

Hand Weapons
 a - a +0 hand crossbow of venom (weapon)
Armour
 b - a +0 robe (worn)
 f - a +0 pair of boots (worn)
Jewellery
 e - a +4 ring of evasion (right hand)
 g - a ring of flight (left hand)
 h - an amulet of the acrobat (around neck)
Scrolls
 c - a scroll of vulnerability
 d - a scroll of blinking {unknown}
Potions
 i - a potion of mutation
 j - a potion of ambrosia


   Skills:
 + Level 1.7 Fighting
 * Level 3.7 Crossbows
 * Level 3.2 Dodging
 + Level 1.7 Spellcasting
 + Level 3.2 Hexes
 * Level 1.3 Ice Magic


You had 2 spell levels left.
You knew the following spells:

 Your Spells              Type           Power      Damage    Failure   Level
a - Slow                  Hex            40%        N/A       6%          1
b - Ozocubu's Armour      Ice            5%         N/A       38%         3

Your spell library contained the following spells:

 Spells                   Type           Power      Damage    Failure   Level
 Inner Flame              Hex/Fire       5%         N/A       36%         3
 Portal Projectile        Hex/Tloc       10%        N/A       36%         3
 Cause Fear               Hex            5%         N/A       54%         4
 Ozocubu's Refrigeration  Ice            2%         4d5       100%        7


Dungeon Overview and Level Annotations

Branches:
Dungeon (3/15)

Altars:


Innate Abilities, Weirdness & Mutations

You are small and have problems with some larger weapons.
You are completely attuned to the shadows.


Message History

Aim: an orc priest, wielding a +0 club and wearing a +0 chain mail (chance to affect: 49%)
The orc priest resists with some effort.
The orc priest closely misses you.
Aiming: Slow (safe; 6% risk of failure)
Press: ? - help, Q - select action, (/) - cycle Shift-Dir - straight line, f/p - orc priest
Aim: an orc priest, wielding a +0 club and wearing a +0 chain mail (chance to affect: 49%)
The orc priest resists with some effort.
The orc priest barely misses you.
Shoot: a) +0 hand crossbow (venom)
Press: ? - help, Shift-Dir - straight line, f/p - orc priest
Aim: an orc priest, wielding a +0 club and wearing a +0 chain mail (69% to hit)
You shoot a bolt. The bolt barely misses the orc priest.
The bolt hits the orc!
You kill the orc!
The orc wizard gestures wildly while chanting.
The orc wizard flickers and vanishes!
Deactivating autopickup; reactivate with Ctrl-A.
The orc priest misses you.
Shoot: a) +0 hand crossbow (venom)
Press: ? - help, Shift-Dir - straight line, f/p - orc priest
Aim: an orc priest, wielding a +0 club and wearing a +0 chain mail (69% to hit)
You shoot a bolt. The bolt hits the orc priest.
The orc priest is poisoned.
The orc priest is moderately wounded.
A magic dart appears from out of thin air!
The magic dart hits you!
Non-targeted cast: Ozocubu's Armour (38%)
Press: ? - help, Q - select action, (/) - cycle Dir - look around, f - activate The spell is extremely dangerous to miscast (38% risk of failure)!
Continue anyway?
A film of ice covers your body! The orc priest completely misses you.
Shoot: a) +0 hand crossbow (venom)
Press: ? - help, Shift-Dir - straight line, f - orc priest
Aim: an orc priest, wielding a +0 club and wearing a +0 chain mail (heavily wounded, very poisoned, 69% to hit)
You shoot a bolt. The bolt hits the orc priest.
The orc priest looks as sick as possible!
The orc priest is heavily wounded.
Something hits you but does no damage.
The orc priest invokes the aid of Beogh against you.
Beogh smites you!
Ouch! That really hurt!
You die...

#### ##...## ...# ##.## ...# #.#
...# #.# #.## #.# ##'##
#.####### ####.###### ##...##
#.......# #...).....# #.....##
####.##.# #.##{#.##.# #.......#
#...#.#####.##@o..#.##.........
..§§§.................+.........
##§§.#.#####.##....#.## ........
#§§§§...# #.###..##.# ......#
#§###.#.# #.# #.###.# ....##
#§##.##..# #.###.###.# ..#
##§#.## .#.##....†....#
...##.##..#######.#####
##.##..#. #.#


You could see an orc priest (extremely poisoned).

Vanquished Creatures
  An iguana (D:3)
  2 adders
  A dart slug (D:2)
  5 orcs (D:3)
  4 endoplasms
  5 goblins
  2 hobgoblins (D:1)
  2 kobolds
  A ball python (D:1)
  2 bats (D:1)
  A frilled lizard (D:1)
  3 rats
29 creatures vanquished.

Notes
Turn   | Place    | Note
-------+----------+-------------------------------------------
     0 | D:1      | lesaewzxc the Kobold Arcane Marksman began the quest for
                  | the Orb.
     0 | D:1      | Reached XP level 1. HP: 12/12 MP: 2/2
   107 | D:1      | Reached XP level 2. HP: 15/16 MP: 1/3
   146 | D:1      | Upgraded the game from 0.29-a0-577-gafbf2c5d25 to
                  | 0.29-a0-613-gf2c431b9b9
   448 | D:2      | Reached XP level 3. HP: 14/20 MP: 3/5
   619 | D:3      | Reached skill level 1 in Ice Magic
   623 | D:3      | Learned a level 3 spell: Ozocubu's Armour
  1095 | D:3      | Reached XP level 4. HP: 16/25 MP: 6/6
  1237 | D:3      | Killed from afar by an orc priest

Illustrated notes

Levels and vault maps discovered:
D:1:      psy_arrival_basics, layout_basic, minmay_tetromino_o4
D:2:      layout_basic, basic_altar, uniq_robin
D:3:      wander_river, layout_loops_corners

Skill      XL: |  1  2  3 |
---------------+----------+-----
Crossbows      | 3 |  3.7
Dodging        | 3 |  3.2
Ice Magic      | 1 |  1.3
Fighting       | |  1.7
Spellcasting   | |  1.7
Hexes          | |  3.2

Action                   |  1- 3 |  4- 6 || total
-------------------------+-------+-------++-------
 Fire: Hand crossbow     |    69 |    10 ||    79
 Cast: Slow              |     1 |     2 ||     3
       Ozocubu's Armour  |       |     1 ||     1
  Use: Potion            |     2 |       ||     2
       Scroll            |     8 |       ||     8
Armor: Robe              |     5 |     1 ||     6
Dodge: Dodged            |    19 |     6 ||    25

Table legend: (Time is in decaauts)
 A = Elapsed time spent in this place.
 B = Non-inter-level travel time spent in this place.
 C = Inter-level travel time spent in this place.
 D = Time resting spent in this place.
 E = Time spent auto-exploring this place.
 F = Levels seen in this place.
 G = Mean time per level.
                   A        B        C        D        E       F      G
               +--------+--------+--------+--------+--------+-----+--------+
         Total |   1262 |    878 |    384 |      0 |    550 |   3 |  420.7 |
       Dungeon |   1262 |    878 |    384 |      0 |    550 |   3 |  420.7 |
               +--------+--------+--------+--------+--------+-----+--------+

Top non-repeatable levels by time:
     D:3: 776 daAuts
     D:2: 278 daAuts
     D:1: 207 daAuts
